 Dungeon Crawl Stone Soup version 0.30.1-11-g7821555f0a (webtiles) character file.

Game seed: 6954609095937782662

3967 BigPumpCobain the Fighter (level 10, -2/96 HPs)
             Began as a Black Draconian Transmuter on Dec 3, 2023.
             Was a Believer of Wu Jian.
             Slain by a killer bee (6 damage)
             ... on level 7 of the Dungeon.
             The game lasted 00:17:10 (7412 turns).

BigPumpCobain the Fighter (DrTm)                    Turns: 7412, Time: 00:17:11

Health: -2/96      AC:  8    Str: 13    XL:     10   Next: 2%
Magic:  11/13      EV: 12    Int: 17    God:    Wu Jian [**....]
Gold:   402        SH:  0    Dex: 12    Spells: 10/13 levels left

rFire   + .          .
                       - Unarmed
rCold   + . .        (no shield)
rNeg    . . .        (body armour unavailable)
rPois   +            (helmet restricted)
rElec   +            (no cloak)
rCorr   +            e - +0 pair of gloves
SInv    .            (no boots)
Will    .....        (no amulet)
Stlth   +            m - ring of resist corrosion
HPRegen 0.36/turn    (no ring)
MPRegen 0.13/turn

%: no passive effects
@: lethally poisoned (-2 -> -6), short of breath, resistant, wereblooded
(expiring)
A: breathe lightning, AC +7, unfitting armour, electricity resistance,
cold-blooded
a: Breathe Lightning, Renounce Religion, Wall Jump


You were on level 7 of the Dungeon.
You worshipped Wu Jian.
Wu Jian was pleased with you.
You visited 2 branches of the dungeon, and saw 8 of its levels.

You collected 402 gold pieces.

Inventory:

Hand Weapons
 a - a +0 dagger
 A - a +4 shortbow
Armour
 e - a +0 pair of gloves (worn)
Jewellery
 m - a ring of resist corrosion (left hand)
 n - an amulet of guardian spirit
 C - a ring of protection from fire
Wands
 w - a wand of roots (5)
 y - a wand of flame (24)
Scrolls
 b - a scroll of summoning {unknown}
 d - 3 scrolls of amnesia {unknown}
 g - 5 scrolls of identify {unknown}
 h - a scroll of poison {unknown}
 k - 2 scrolls of enchant armour {unknown}
 l - 2 scrolls of vulnerability {unknown}
 r - a scroll of fog {unknown}
 s - 2 scrolls of teleportation {unknown}
 t - 2 scrolls of fear {unknown}
 B - a scroll of magic mapping {unknown}
Potions
 c - 2 potions of cancellation {unknown}
 f - 4 potions of mutation {unknown}
 i - 4 potions of haste {unknown}
 j - 3 potions of attraction {unknown}
 o - 6 potions of berserk rage {unknown}
 p - 3 potions of curing {unknown}
 q - 2 potions of flight {unknown}
 u - 3 potions of heal wounds {unknown}
 v - a potion of degeneration {unknown}
 z - 2 potions of brilliance {unknown}


   Skills:
 + Level 11.2 Fighting
 - Level 1.7 Dodging
 + Level 10.7 Unarmed Combat
 - Level 2.0 Spellcasting
 - Level 2.0 Transmutations


You had 10 spell levels left.
You knew the following spells:

 Your Spells              Type           Power      Damage    Failure   Level
a - Beastly Appendage     Tmut           16%        N/A       9%          1
b - Wereblood             Tmut           8%         N/A       13%         2

Your spell library contained the following spells:

 Spells                   Type           Power      Damage    Failure   Level
 Sting                    Tmut/Pois      20%        1d4       13%         1
 Magic Dart               Conj           4%         1d3       19%         1
 Passwall                 Tmut/Erth      4%         N/A       19%         2
 Call Imp                 Summ           2%         N/A       28%         2
 Ensorcelled Hibernation  Hex/Ice        2%         N/A       28%         2
 Poisonous Vapours        Pois/Air       2%         N/A       28%         2
 Spider Form              Tmut/Pois      5%         N/A       36%         3
 Mephitic Cloud           Conj/Pois/Air  1%         N/A       50%         3
 Swiftness                Air            1%         N/A       50%         3
 Ice Form                 Ice/Tmut       5%         N/A       77%         4
 Olgreb's Toxic Radiance  Pois           1%         N/A       88%         4


Dungeon Overview and Level Annotations

Branches:
Dungeon (7/15)             Temple (1/1) D:4

Altars:
Cheibriados
Dithmenos
Elyvilon
Fedhas
Gozag
Hepliaklqana
Kikubaaqudgha
Okawaru
Qazlal
Ru
Sif Muna
Trog
Uskayaw
Vehumet
Wu Jian
Xom
Yredelemnul
Zin
The Shining One


Innate Abilities, Weirdness & Mutations

You can breathe wild blasts of lightning.
Your glossy black scales are hard. (AC +7)
You cannot fit into any form of body armour.
You are resistant to electric shocks. (rElec)
You are cold-blooded and may be slowed by cold attacks.


Message History

You barely miss the killer bee.
Your tail-slap misses the killer bee.
The killer bee is lightly wounded.
You feel very sick. The killer bee closely misses you.
The killer bee stings you but does no damage.
You punch the killer bee!
The killer bee is severely wounded.
You feel very sick.
The killer bee barely misses you. x2; The killer bee closely misses you.
The killer bee stings you.
* * * LOW HITPOINT WARNING * * *
You miss the killer bee.
Your tail-slap misses the killer bee.
The killer bee is severely wounded.
You feel very sick. The killer bee closely misses you.
The killer bee stings you but does no damage.
You feel protected.
You feel very sick. The killer bee closely misses you.
The killer bee barely misses you. The killer bee closely misses you. x2
You punch the killer bee!
You feel a bit better.
You kill the killer bee!
The Council accepts your kill.
You feel sick.
The killer bee stings you but does no damage. x2
The killer bee attacks as you move away!
The killer bee stings you.
* * * LOW HITPOINT WARNING * * *
x2 You feel sick.
The killer bee stings you.
* * * LOW HITPOINT WARNING * * *
You see here a killer bee corpse.
You hit the killer bee.
The killer bee is lightly wounded.
You howl as the wereblood boils in your veins!
Your primal bloodlust is almost over.
* * * LOW HITPOINT WARNING * * *
You feel sick.
The killer bee stings you but does no damage.
The killer bee stings you.
You die...

###
....+.............
...
####8...###.##....
### .......# #.# ##
##.##### #.# ...#
#.# ###.# #>#
####### #.# #.#
....$..##.#######.#
#†@y........)#
####.######### #.#
#.# #.# ..# ###


You could see a killer bee.

Vanquished Creatures
  A komodo dragon (D:7)
  A wraith (D:6)
  3 wyverns (D:7)
  Eustachio (D:5)
  A steam dragon (D:7)
  Menkaure (D:5)
  2 water moccasins (D:7)
  Duvessa (D:7)
  A sky beast (D:7)
  2 ice beasts
  4 black bears
  2 ogres
  2 centaurs
  3 phantoms
  A bullfrog (D:6)
  A kobold brigand (D:6)
  2 scorpions
  Dowan (D:7)
  4 killer bees (D:7)
  A jelly (D:6)
  3 orc priests
  3 hounds
  A sleepcap (D:6)
  6 iguanas
  Ijyb (D:5)
  Terence (D:3)
  5 orc wizards
  Robin (D:3)
  7 gnolls (D:4)
  7 adders
  A white imp (D:5)
  2 worms
  13 orcs
  5 ball pythons
  4 bats
  6 endoplasms
  13 goblins
  7 hobgoblins
  4 jackals (D:5)
  12 kobolds
  7 quokkas
  9 frilled lizards
  6 rats
159 creatures vanquished.

Notes
Turn   | Place    | Note
-------+----------+-------------------------------------------
     0 | D:1      | BigPumpCobain the Draconian Transmuter began the quest for
                  | the Orb.
     0 | D:1      | Reached XP level 1. HP: 16/16 MP: 3/3
   335 | D:1      | Reached XP level 2. HP: 18/24 MP: 3/5
   911 | D:1      | Reached skill level 2 in Fighting
  1282 | D:2      | Reached XP level 3. HP: 30/30 MP: 4/6
  1406 | D:2      | Found a faded altar of an unknown god.
  2026 | D:3      | Reached skill level 3 in Fighting
  2057 | D:3      | Reached XP level 4. HP: 38/38 MP: 5/7
  2101 | D:3      | Noticed Terence
  2123 | D:3      | Killed Terence
  2146 | D:3      | Noticed Robin
  2153 | D:3      | Killed Robin
  2485 | D:3      | Noticed a scorpion
  2493 | D:3      | Killed a scorpion
  2494 | D:3      | Reached skill level 4 in Fighting
  2494 | D:3      | Reached XP level 5. HP: 37/46 MP: 6/8
  2808 | D:3      | Learned a level 2 spell: Wereblood
  2948 | D:4      | Noticed an ogre
  2955 | D:4      | Killed an ogre
  2956 | D:4      | Reached skill level 5 in Unarmed Combat
  2956 | D:4      | Reached XP level 6. HP: 42/53 MP: 5/9
  3015 | D:4      | Reached skill level 5 in Fighting
  3109 | D:4      | Found a hazy altar of Hepliaklqana.
  3308 | D:4      | Found a shimmering altar of Xom.
  3343 | D:4      | Identified the +8 scale mail "Muil" {rCorr}
  3466 | D:4      | Found a staircase to the Ecumenical Temple.
  3859 | D:5      | Entered Level 5 of the Dungeon
  3905 | D:4      | Your scales start taking on a glossy black colour.
  3905 | D:4      | Reached XP level 7. HP: 53/62 MP: 7/10
  3905 | D:4      | Gained mutation: You are resistant to electric shocks.
                  | (rElec) [Black Draconian growth]
  3920 | Temple   | Entered the Ecumenical Temple
  4172 | Temple   | Became a worshipper of the Wu Jian Council
  4323 | D:5      | Reached skill level 6 in Fighting
  4356 | D:5      | Noticed Menkaure
  4366 | D:5      | Killed Menkaure
  4479 | D:5      | Noticed Ijyb
  4487 | D:5      | Killed Ijyb
  4622 | D:5      | Reached skill level 7 in Fighting
  4686 | D:5      | Reached XP level 8. HP: 42/73 MP: 8/11
  4928 | D:5      | Noticed Eustachio
  4934 | D:5      | Killed Eustachio
  5212 | D:6      | Reached skill level 8 in Fighting
  5433 | D:6      | Reached * piety under Wu Jian
  5678 | D:6      | Reached skill level 9 in Fighting
  5782 | D:6      | Reached XP level 9. HP: 83/83 MP: 8/12
  6347 | D:7      | Reached skill level 10 in Fighting
  6680 | D:7      | Noticed Dowan
  6683 | D:7      | Killed Dowan
  6716 | D:7      | Noticed Duvessa
  6716 | D:7      | Noticed a komodo dragon
  6722 | D:7      | Killed a komodo dragon
  6722 | D:7      | Reached ** piety under Wu Jian
  6723 | D:7      | Reached skill level 10 in Unarmed Combat
  6726 | D:7      | Killed Duvessa
  6989 | D:7      | Reached skill level 11 in Fighting
  7403 | D:7      | Reached XP level 10. HP: 55/95 MP: 10/13
  7412 | D:7      | HP: 4/96 [poisoned by a killer bee]
  7412 | D:7      | Slain by a killer bee

Illustrated notes

Levels and vault maps discovered:
D:1:      dpeg_arrival_round_b, layout_basic, dreamdust_princess_bridge
D:2:      layout_basic, shapermc_ecumenical_altar_mp_highgroup
D:3:      layout_loops_cross, hangedman_glass_teeth,
          nicolae_concentric_dashed_squares_wild, uniq_terence, uniq_robin
D:4:      layout_gridville, mainiacjoe_overflow_paths,
          mainiacjoe_overflow_cross_hatched,
          minmay_temple_entry_drinking_statues, minmay_crystal_water,
          grunt_tough_drop
D:5:      layout_gridville, uniq_eustachio, uniq_ijyb, uniq_menkaure
D:6:      layout_loops_ring
D:7:      layout_loops_ring, jmf_multi_god_temple2, minmay_lizard_king,
          uniq_duvessa
Temple:   minmay_crystal_spiral_temple

Skill      XL: |  1  2  3  4  5  6  7  8  9 |
---------------+----------------------------+-----
Fighting       | 2 3 4 5 7 9 11 | 11.2
Unarmed Combat | 4 5 6 7 8 10 | 10.7
Dodging        | |  1.7
Spellcasting   | |  2.0
Transmutations | |  2.0

Action                     |  1- 3 |  4- 6 |  7- 9 | 10-12 || total
---------------------------+-------+-------+-------+-------++-------
  Melee: Unarmed           |   101 |   145 |   234 |     7 ||   487
         Headbutt          |     6 |    17 |    35 |       ||    58
         Kick              |    17 |    22 |    54 |       ||    93
         Tailslap          |     6 |    13 |    23 |     1 ||    43
         Punch             |       |     2 |    12 |       ||    14
   Cast: Beastly Appendage |    27 |    20 |    34 |       ||    81
         Wereblood         |       |     9 |    31 |       ||    40
Ability: Lunge             |       |       |    19 |       ||    19
         Breathe Lightning |       |       |     8 |     1 ||     9
         Whirlwind         |       |       |     3 |       ||     3
         Wall Jump         |       |       |     1 |       ||     1
    Use: Potion            |       |     2 |       |     1 ||     3
   Stab: Sleeping          |       |       |     1 |       ||     1
         Distracted        |       |       |     1 |       ||     1
 Armour: Skin              |    26 |    41 |    78 |     6 ||   151
  Dodge: Dodged            |    45 |    79 |   124 |    14 ||   262
